 Dungeon Crawl Stone Soup version 0.29.1-15-g9cfb28693d (webtiles) character file.

Game seed: 6078545408764255535

1644090 nonceun the Conqueror (level 27, 273/273 HPs)
             Began as a Minotaur Berserker on Apr 25, 2023.
             Was the Champion of Trog.
             Escaped with the Orb
             ... and 3 runes on May 4, 2023!
             The game lasted 08:57:33 (76434 turns).

nonceun the Conqueror (Minotaur Berserker)         Turns: 76434, Time: 08:57:33

Health: 273/273    AC: 37    Str: 31    XL:     27
Magic:  22/22      EV: 21    Int:  5    God:    Trog [******]
Gold:   7317       SH: 37    Dex: 21    Spells: 26/26 levels left

rFire   + + +      SeeInvis .   b - +18 lance "Wyrmbane" {slay drac, rPois rF+ rC+ AC+3}
rCold   + + +      Faith    .   h - +5 tower shield of the Endless Expanse {rN+}
rNeg    + + +      Spirit   .   i - +1 gold dragon scales
rPois   +          Reflect  +   g - -2 hat of the Alchemist {rElec rPois rF+ rC+ rN+ Will+ rMut rCorr}
rElec   +          Harm     .   X - +2 cloak of Impressiveness {Str+3}
rCorr   +          Rampage  .   B - +2 pair of gloves {infuse}
rMut    +                       (no boots)
Will    +++..                   A - amulet of reflection
Stlth   ..........              d - ring "Vusmod" {Contam rElec rCorr Dex+4 Slay+3}
HPRegen 0.55/turn               p - ring of positive energy
MPRegen 0.18/turn

@: studying Staves
A: horns 2, retaliatory headbutt, agile 1, dopey 1, poison resistance
0: Orb of Zot
}: 3/15 runes: decaying, silver, gossamer
a: Renounce Religion, Berserk, Trog's Hand, Brothers in Arms


You escaped.
You worshipped Trog.
Trog was exalted by your worship.
You visited 12 branches of the dungeon, and saw 52 of its levels.
You visited the Abyss 1 time.
You visited 1 bazaar.
You also visited: Ice Cave, Volcano and Wizlab.

You collected 11355 gold pieces.
You spent 4038 gold pieces at shops.

Inventory:

Hand Weapons
 a - a +9 antimagic broad axe
 b - the +18 lance "Wyrmbane" (weapon) {slay drac, rPois rF+ rC+ AC+3}
   (You found it on level 3 of the Crypt)

   It inflicts extra damage against dragons and draconians.
   AC:        It affects your AC (+3).
   rF:        It protects you from fire.
   rC:        It protects you from cold.
   rPois:     It protects you from poison.
 c - a +9 broad axe of freezing
 s - the +7 broad axe of Anguish {vorpal, Fly rC++ Int-5}
   (Trog gifted it to you on level 3 of the Crypt)

   It inflicts extra damage upon your enemies.
   Int:       It affects your intelligence (-5).
   rC:        It greatly protects you from cold.
   Fly:       It grants you flight.
 Q - the +1 broad axe of Articulation {antimagic, rPois rF+ rN+ Str-2}
   (You took it off a draconian annihilator on level 5 of the Realm of Zot)

   It reduces the magical energy of the wielder, and disrupts the spells and
   magical abilities of those it strikes.
   Natural abilities and divine invocations are not affected.
   Str:       It affects your strength (-2).
   rF:        It protects you from fire.
   rPois:     It protects you from poison.
   rN:        It protects you from negative energy.
Armour
 g - the -2 hat of the Alchemist (worn) {rElec rPois rF+ rC+ rN+ Will+ rMut rCorr}
   (You found it in a wizard's laboratory)

   rF:        It protects you from fire.
   rC:        It protects you from cold.
   rElec:     It insulates you from electricity.
   rPois:     It protects you from poison.
   rN:        It protects you from negative energy.
   rCorr:     It protects you from acid and corrosion.
   rMut:      It protects you from mutation.
   Will:      It increases your willpower.
 h - the +5 tower shield of the Endless Expanse (worn) {rN+}
   (You found it on level 3 of the Elven Halls)

   rN:        It protects you from negative energy.
 i - +1 gold dragon scales (worn)
 B - a +2 pair of gloves of infusion (worn)
 H - the +0 pair of boots of Gravity {Rampage rElec rF++ rC+}
   (You bought it in a shop in a bazaar)

   rF:        It greatly protects you from fire.
   rC:        It protects you from cold.
   rElec:     It insulates you from electricity.
   Rampage:   It bestows one free step when moving towards enemies.
 X - the +2 cloak of Impressiveness (worn) {Str+3}
   (You bought it in a shop in a bazaar)

   Str:       It affects your strength (+3).
Jewellery
 d - the ring "Vusmod" (left hand) {Contam rElec rCorr Dex+4 Slay+3}
   (You found it on level 3 of the Elven Halls)

   [ring of resist corrosion]

   Dex:       It affects your dexterity (+4).
   Slay:      It affects your accuracy & damage with ranged weapons and melee
   (+3).
   rElec:     It insulates you from electricity.
   Contam:    It causes magical contamination when unequipped.
   rCorr:     It protects you from acid and corrosion.
 p - a ring of positive energy (right hand)
 q - a +4 ring of slaying
 A - an amulet of reflection (around neck)
 E - the ring of Mixtutob {Fly rN+}
   (You found it on level 3 of the Crypt)

   [ring of positive energy]

   rN:        It protects you from negative energy.
   Fly:       It grants you flight.
 N - a ring of protection from cold
 Y - a ring of see invisible
Wands
 r - a wand of mindburst (29)
 w - a wand of digging (9)
 y - a wand of iceblast (19)
 I - a wand of polymorph (14)
 M - a wand of charming (65)
 P - a wand of flame (70)
 R - a wand of light (24)
Scrolls
 e - 30 scrolls of teleportation
 m - 13 scrolls of poison
 n - 10 scrolls of summoning
 C - 15 scrolls of blinking
 F - a scroll of enchant weapon
 G - 7 scrolls of magic mapping
 K - 9 scrolls of fear
 L - 4 scrolls of acquirement
 O - 2 scrolls of silence
 Z - 7 scrolls of butterflies
Potions
 f - 7 potions of haste
 k - 11 potions of flight
 l - 3 potions of magic
 o - 7 potions of lignification
 t - 4 potions of cancellation
 u - 7 potions of might
 v - 31 potions of curing
 z - 7 potions of heal wounds
 U - 22 potions of mutation
 W - 7 potions of resistance
Miscellaneous
 j - a box of beasts
 x - a condenser vane
 D - a tin of tremorstones (2/2)
 J - a phial of floods
 S - a lightning rod (4/4)
 V - a phantom mirror


   Skills:
 O Level 27 Fighting
 - Level 18.0 Axes
 O Level 27 Armour
 * Level 22.1 Dodging
 O Level 27 Shields
 * Level 20.8 Evocations


You had 26 spell levels left.
You didn't know any spells.
Your spell library contained the following spells:

 Spells                   Type           Power      Damage    Failure   Level
 Apportation              Tloc           0%         N/A       95%         1
 Foxfire                  Conj/Fire      0%         2x1d4     95%         1
 Freeze                   Ice            0%         1d3       95%         1
 Magic Dart               Conj           0%         1d3       95%         1
 Sandblast                Erth           0%         2d4       95%         1
 Summon Small Mammal      Summ           0%         N/A       95%         1
 Blink                    Tloc           0%         N/A       99%         2
 Call Imp                 Summ           0%         N/A       99%         2
 Passwall                 Tmut/Erth      0%         N/A       99%         2
 Poisonous Vapours        Pois/Air       0%         N/A       99%         2
 Static Discharge         Conj/Air       0%         3-3/arc   99%         2
 Sublimation of Blood     Necr           0%         N/A       99%         2
 Wereblood                Tmut           0%         N/A       99%         2
 Call Canine Familiar     Summ           0%         N/A       100%        3
 Confusing Touch          Hex            0%         N/A       100%        3
 Conjure Flame            Conj/Fire      0%         6-21      100%        3
 Frozen Ramparts          Ice            0%         1d1       100%        3
 Gell's Gravitas          Tloc           0%         N/A       100%        3
 Ignite Poison            Fire/Tmut/Pois 0%         N/A       100%        3
 Inner Flame              Hex/Fire       0%         N/A       100%        3
 Lesser Beckoning         Tloc           0%         N/A       100%        3
 Mephitic Cloud           Conj/Pois/Air  0%         N/A       100%        3
 Ozocubu's Armour         Ice            0%         N/A       100%        3
 Portal Projectile        Hex/Tloc       0%         N/A       100%        3
 Spider Form              Tmut/Pois      0%         N/A       100%        3
 Stone Arrow              Conj/Erth      0%         3d7       100%        3
 Summon Guardian Golem    Hex/Summ       0%         N/A       100%        3
 Teleport Other           Tloc           0%         N/A       100%        3
 Tukima's Dance           Hex            0%         N/A       100%        3
 Airstrike                Air            0%         2d(0-16)  100%        4
 Anguish                  Hex/Necr       0%         N/A       100%        4
 Animate Dead             Necr           0%         N/A       100%        4
 Cause Fear               Hex            0%         N/A       100%        4
 Corpse Rot               Necr/Pois/Air  0%         N/A       100%        4
 Dispel Undead            Necr           0%         3d6       100%        4
 Flame Wave               Conj/Fire      0%         2d4       100%        4
 Fulminant Prism          Conj/Hex       0%         3d6       100%        4
 Hailstorm                Conj/Ice       0%         3d3       100%        4
 Iskenderun's Mystic Bla  Conj/Tloc      0%         2d3       100%        4
 Leda's Liquefaction      Hex/Erth       0%         N/A       100%        4
 Olgreb's Toxic Radiance  Pois           0%         N/A       100%        4
 Passage of Golubria      Tloc           0%         N/A       100%        4
 Summon Lightning Spire   Summ/Air       0%         N/A       100%        4
 Agony                    Necr           0%         N/A       100%        5
 Alistair's Intoxication  Tmut/Pois      0%         N/A       100%        5
 Blade Hands              Tmut           0%         N/A       100%        5
 Borgnjor's Vile Clutch   Necr/Erth      0%         N/A       100%        5
 Irradiate                Conj/Tmut      0%         3d11      100%        5
 Iskenderun's Battlesphe  Conj           0%         2d6       100%        5
 Lee's Rapid Deconstruct  Erth           0%         3d5*      100%        5
 Lightning Bolt           Conj/Air       0%         1d11      100%        5
 Manifold Assault         Tloc           0%         N/A       100%        5
 Summon Mana Viper        Hex/Summ       0%         N/A       100%        5
 Yara's Violent Unravell  Hex/Tmut       0%         3d3       100%        5
 Death Channel            Necr           0%         N/A       100%        6
 Dispersal                Tloc           0%         N/A       100%        6
 Eringya's Noxious Bog    Tmut/Pois      0%         N/A       100%        6
 Iron Shot                Conj/Erth      0%         9d1       100%        6
 Simulacrum               Ice/Necr       0%         N/A       100%        6
 Statue Form              Tmut/Erth      0%         N/A       100%        6
 Summon Cactus Giant      Summ           0%         N/A       100%        6
 Dragon Form              Tmut           0%         N/A       100%        7
 Enfeeble                 Hex            0%         N/A       100%        7
 Orb of Destruction       Conj           0%         9d5       100%        7
 Ozocubu's Refrigeration  Ice            0%         4d7       100%        7
 Spellforged Servitor     Conj/Summ      0%         N/A       100%        7
 Storm Form               Tmut/Air       0%         N/A       100%        7
 Summon Hydra             Summ           0%         N/A       100%        7
 Borgnjor's Revivificati  Necr           0%         N/A       100%        8
 Maxwell's Capacitive Co  Air            0%         ∞         100%        8
 Chain Lightning          Conj/Air       0%         N/A       100%        9
 Death's Door             Necr           0%         N/A       100%        9
 Dragon's Call            Summ           0%         N/A       100%        9
 Fire Storm               Conj/Fire      0%         5d1       100%        9
 Shatter                  Erth           0%         3d5*      100%        9


Dungeon Overview and Level Annotations

Branches:
Dungeon (15/15)            Temple (1/1) D:7            Lair (5/5) D:9
  Swamp (4/4) Lair:3       Spider (4/4) Lair:2        Slime (0/5) Lair:4
    Orc (2/2) D:10            Elf (3/3) Orc:2        Vaults (5/5) D:14
  Crypt (3/3) Vaults:3       Tomb (1/3) Crypt:3      Depths (4/4) D:15
    Zot (5/5) Depths:4      IceCv (visited)         Volcano (visited)
 WizLab (visited)

Altars:
Ashenzari
Cheibriados
Dithmenos
Fedhas
Gozag
Hepliaklqana
Kikubaaqudgha
Makhleb
Nemelex Xobeh
Okawaru
Qazlal
Sif Muna
Trog
Uskayaw
Wu Jian
Xom
Yredelemnul
Zin
Jiyva
Lugonu

Shops:
D:12 [[(=   Orc:2 (*:(   Elf:1 **   Elf:2 *(   Elf:3 [   Vaults:1 *
Vaults:3 **(   Zot:5 *   Depths:2 [*==*   Depths:4 [*(

Portals:
Hell: Lair:5 Depths:1 Depths:2 Depths:3 Depths:4
Abyss: Depths:1 Depths:2 Depths:3
Pandemonium: Depths:2
Ziggurat: Depths:4

Annotations:
Zot:3 exclusion: upstairs
Zot:4 4 transporters, exclusion: 2 upstairs


Innate Abilities, Weirdness & Mutations

You have a pair of horns on your head.
You reflexively headbutt those who attack you in melee.
You are agile. (Dex +4, Str/Int -1)
You are dopey. (Int -2)
Your system is resistant to poisons. (rPois)


Message History

The orange demon completely misses you. A mysterious force pulls you upwards.
The hatch slams shut behind you.
You hit the ice devil. You headbutt the ice devil!
The ice devil is heavily wounded.
You block the toenail golem's attack. You block the ice devil's attack.
You puncture the ice devil! You headbutt the ice devil!
You kill the ice devil!
Trog accepts your kill.
You impale the toenail golem!! You headbutt the toenail golem!
The toenail golem is severely damaged.
You block the toenail golem's attack.
You impale the toenail golem!!
You destroy the toenail golem!
Trog accepts your kill.
You see here a +0 leather armour.
Magic restored.
There is a stone staircase leading up here.
You climb upwards.
There is a stone staircase leading down here.
There is a stone staircase leading up here.
You climb upwards.
There is a stone staircase leading down here.
There is a stone staircase leading up here.
You climb upwards.
There is a stone staircase leading down here.
You see here a +0 giant club.
There is a stone staircase leading up, spattered with blood here.
You climb upwards.
There is a stone staircase leading down here.
There is a stone staircase leading up here.
You climb upwards.
There is a stone staircase leading down here.
There is an escape hatch in the ceiling here.
A mysterious force pulls you upwards. The hatch slams shut behind you.
There is a stone staircase leading up here.
You climb upwards.
There is a stone staircase leading down here.
There is an open door here.
There is a staircase leading out of the dungeon here.
You have escaped!

...# #######.#..# #.#
##.###...##..>..# #.#
....#.....##.##_######.#
##.##.....##.##........###
##.##.....##.............#
##..##...####.##########.##
### #'...'###'.##'#...##
#..# #.> .#.####
##.###.....# ##.# #.# .#.#
#.###..@).# #.# #.# .#.##
#...#.....# #.# #.# #'..#
#.#.'#...## #.# #.# #...#
#.######## #.#####.# ##..#
#.# #....##.# #..# #.#
####.##.# #..## #.#
###...#.# #...# #.#
#...#)... #...#
#.##############.#...#.#


There were no monsters in sight!

Vanquished Creatures
  6 dread liches
  6 ancient liches (Zot:5)
  Mara (Vaults:3)
  5 orbs of fire
  Boris (Crypt:3)
  Bai Suzhen (Crypt:3)
  2 Killer Klowns (Zot:5)
  4 golden dragons
  2 curse toes
  Xtahua (Vaults:3)
  Nikola (Spider:1)
  3 bone dragons
  Arachne (Spider:3)
  4 electric golems
  Jorgrun (Swamp:1)
  15 tentacled monstrosities
  2 Ice Fiends (IceCv)
  Mlioglotl (Swamp:4)
  A walking crystal tome (Depths:1)
  23 Orb Guardians (Zot:5)
  5 liches
  The ghost of monsoonserge the Bludgeoner, an adept PaFi of Qazlal (Elf:2)
  3 deep elf blademasters
  2 deep elf master archers (Elf:3)
  5 quicksilver dragons
  6 titans (Vaults:5)
  3 death cobs
  4 thorn hunters
  12 sphinxes
  The ghost of croobank the Unforgettable, an adept GnSu of Hepliaklqana (Elf:2)
  Gastronok (Lair:3)
  9 shadow dragons
  Roxanne (Swamp:2)
  Donald (Spider:1)
  6 tengu reavers
  An ancient champion (Crypt:2)
  3 tentacled starspawn
  17 storm dragons
  7 draconian monks
  2 revenants
  8 draconian knights
  A fenstrider witch (Swamp:1)
  3 iron dragons
  11 frost giants
  14 vault wardens
  11 fire giants
  6 deep elf sorcerers
  A balrug (Depths:3)
  7 emperor scorpions
  An orc warlord (Vaults:3)
  5 ghost moths
  12 draconian scorchers
  The ghost of Hyloprol the Brawler, a journeyman CeMo of Okawaru (D:15)
  The ghost of Taurus the Blocker, a journeyman MiFi of the Shining One (Elf:1)
  9 draconian annihilators
  A juggernaut zombie (Crypt:3)
  11 draconian shifters
  19 ironbound preservers
  3 curse skulls
  5 spriggan defenders
  3 reapers
  7 deep elf elementalists (Elf:3)
  A broodmother (Spider:4)
  A caustic shrike zombie (Tomb:1)
  3 draconian stormcallers (Zot:2)
  3 ironbound thunderhulks
  A ghoul (Crypt:1)
  17 stone giants
  8 war gargoyles
  2 bennus (Tomb:1)
  22 very ugly things
  9 vampire knights
  9 green draconians
  6 deep elf demonologists
  18 black draconians
  5 spark wasps
  Azrael (Elf:1)
  2 eleionomae
  12 yellow draconians
  14 dire elephants
  5 entropy weavers
  8 deep elf annihilators
  8 red draconians
  A lorocyproca (Abyss:2)
  10 purple draconians
  5 bunyips
  6 white draconians
  7 mummy priests (Tomb:1)
  8 deep elf death magi
  10 fire dragons
  2 eidola
  17 ettins
  A blizzard demon (D:15)
  2 jiangshi (Crypt:2)
  16 yaktaur captains
  2 merfolk javelineers (Depths:2)
  Fannar (D:11)
  4 shambling mangroves
  A fenstrider witch zombie (Crypt:2)
  2 spriggan zombies
  6 deep elf high priests
  13 ice dragons
  9 rakshasas
  6 great orbs of eyes
  19 hydras
  5 spriggan air magi
  An elf skeleton (Crypt:3)
  A peacekeeper (Vaults:3)
  2 radroaches
  12 boulder beetles
  3 spriggan skeletons (Crypt:3)
  35 vault guards
  2 ironbound frosthearts (Vaults:2)
  An ogre mage (D:15)
  2 quicksilver dragon skeletons
  A radroach (shapeshifter) (Vaults:5)
  4 merfolk avatars (Swamp:4)
  6 alligators
  2 fenstrider witch skeletons
  A catoblepas (D:15)
  2 jorogumos
  17 centaur warriors
  The ghost of Pooter the Cleaver, a novice MiBe of Trog (D:9)
  2 death knights
  4 hell hogs
  13 two-headed ogres
  6 deep troll earth magi
  11 death scarabs (Tomb:1)
  6 thrashing horrors
  12 deep troll shamans
  8 tengu warriors
  9 death yaks
  4 orc high priests (Orc:2)
  36 dancing weapons
  2 vampire magi
  6 shock serpents
  9 spriggan berserkers
  21 large abominations
  23 hell knights
  Urug (D:10)
  A sun demon (Depths:3)
  26 deep elf knights
  A titan skeleton (Crypt:1)
  36 skeletal warriors
  4 sixfirhies
  2 shadow wraiths
  9 iron trolls
  7 pharaoh ants
  6 sun moths
  3 goliath frogs
  A spatial maelstrom (Abyss:3)
  5 wretched stars
  A sea snake (shapeshifter) (WizLab)
  71 deep trolls
  A glowing orange brain (Depths:4)
  8 steelbarb worms
  4 bog bodies
  7 spriggan druids
  An orange crystal statue (IceCv)
  An orb spider (shapeshifter) (Depths:4)
  6 swamp dragons
  2 bunyip skeletons (Crypt:2)
  5 flayed ghosts
  A goliath frog (shapeshifter) (Vaults:5)
  11 wizards
  4 spriggan simulacra (IceCv)
  18 ironbound convokers
  2 spectral hydras (Swamp:4)
  7 orc knights
  17 orb spiders
  2 anaconda skeletons
  Pikel (D:7)
  27 deep elf archers
  3 harpies (shapeshifter)
  47 deep elf pyromancers
  11 phantasmal warriors
  2 harpies (Vaults:1)
  4 obsidian statues
  41 deep elf zephyrmancers
  40 ugly things
  6 lindwurms
  12 necromancers
  A mana viper (shapeshifter) (WizLab)
  6 manticores
  A tengu skeleton (Vaults:4)
  3 will-o-the-wisps (Swamp:4)
  3 oklob plants (Swamp:4)
  4 cyclopes
  23 wolf spiders
  26 moths of wrath
  5 orc sorcerers
  2 salamanders (shapeshifter)
  A shining eye (shapeshifter) (Depths:2)
  A moth of wrath (shapeshifter) (WizLab)
  An iron dragon skeleton (Tomb:1)
  2 worldbinders
  A toenail golem (D:8)
  An apocalypse crab (Abyss:2)
  A shock serpent zombie (Crypt:2)
  9 elephants
  14 vault sentinels
  Joseph (D:8)
  10 torpor snails
  4 gargoyles (Crypt:3)
  8 smoke demons
  A black mamba (Lair:5)
  A guardian serpent (shapeshifter) (WizLab)
  4 orange demons (Lair:5)
  A naga mage (Depths:3)
  An eye of devastation (shapeshifter) (Vaults:5)
  A hellion (Abyss:2)
  A cane toad (shapeshifter) (WizLab)
  An unseen horror (Abyss:3)
  11 komodo dragons
  A minotaur skeleton (Crypt:3)
  8 rime drakes
  12 cane toads
  9 guardian mummies (Tomb:1)
  A komodo dragon (shapeshifter) (WizLab)
  3 naga skeletons
  A green draconian zombie (Crypt:1)
  An efreet (D:13)
  2 unseen horror skeletons (Crypt:2)
  12 freezing wraiths
  34 yaktaurs
  6 demonic crawlers
  A hellwing (Lair:5)
  9 ice devils
  2 tengu conjurers (Depths:1)
  3 hydra zombies (Swamp:4)
  2 red devils
  2 trolls
  3 harpy zombies
  A black draconian skeleton (Crypt:1)
  3 ancient zymes
  A death drake zombie (Swamp:4)
  2 meliai (shapeshifter) (WizLab)
  A merfolk (D:12)
  A polar bear (shapeshifter) (WizLab)
  2 polar bears
  A wolf spider simulacrum (D:15)
  21 tarantellas
  12 hornets
  2 hornets (shapeshifter) (WizLab)
  A queen bee (shapeshifter) (WizLab)
  A bloated husk (Swamp:2)
  6 tyrant leeches
  3 hydra skeletons (Swamp:4)
  9 raiju
  14 blink frogs
  3 meliai (Spider:3)
  2 spectral guardian serpents (Crypt:1)
  Prince Ribbit (D:9)
  48 slime creatures
  2 harpy skeletons (Crypt:3)
  A fire giant simulacrum (Vaults:4)
  3 dream sheep (Lair:4)
  2 jumping spiders (shapeshifter)
  7 spriggans
  2 human simulacra (Vaults:4)
  12 flying skulls
  13 water elementals
  41 jumping spiders
  7 centaur simulacra (D:15)
  3 ynoxinuls
  12 wraiths
  A black mamba zombie (Tomb:1)
  2 air elementals
  23 culicivoras
  2 dire elephant simulacra (IceCv)
  42 yaks
  2 spriggans (shapeshifter) (WizLab)
  4 ushabtiu
  A fire dragon skeleton (Tomb:1)
  A hog (shapeshifter) (Elf:3)
  5 shadows
  7 wyverns
  16 fire elementals
  2 golden eyes (shapeshifter) (WizLab)
  3 basilisks
  5 golden eyes (D:14)
  A basilisk (shapeshifter) (WizLab)
  4 neqoxecs
  2 humans (shapeshifter) (WizLab)
  49 redbacks
  2 minotaur simulacra (IceCv)
  11 vampire mosquitoes
  5 harpy simulacra
  A redback (shapeshifter) (Elf:2)
  4 wargs
  An iron golem (WizLab)
  A demonspawn zombie (Crypt:1)
  18 swamp worms
  2 two-headed ogre zombies (D:10)
  5 hydra simulacra
  6 acid dragons
  A fire bat skeleton (Crypt:2)
  10 hell hounds
  15 water moccasins
  A floating eye (shapeshifter) (D:15)
  7 floating eyes
  An ice beast (D:6)
  4 swamp drakes
  39 orc warriors
  4 sky beasts
  A black bear (shapeshifter) (WizLab)
  A swamp drake (shapeshifter) (Elf:1)
  3 black bears
  4 ettin simulacra
  12 wolves
  14 ogres
  A swamp dragon zombie (Swamp:4)
  A swamp dragon skeleton (Swamp:4)
  4 boggarts (Vaults:1)
  A centaur (D:8)
  A lemure (D:7)
  3 phantoms
  3 kobold brigands
  17 bullfrogs
  3 gnoll sergeants
  3 necrophages (Crypt:1)
  A scorpion (D:5)
  2 deep troll simulacra (IceCv)
  A wyvern zombie (D:5)
  A water moccasin zombie (D:5)
  5 earth elementals
  5 wights (D:8)
  13 killer bees
  13 howler monkeys
  3 electric eels
  21 small abominations
  6 starcursed masses (Abyss:3)
  2 bullfrog zombies (D:5)
  5 hounds
  A jelly (D:4)
  4 centaur skeletons
  3 gnoll boudas
  27 orc priests
  Jessica (D:3)
  2 iguanas (D:6)
  Terence (D:3)
  15 orc wizards
  9 lightning spires
  6 ogre zombies (D:10)
  A hound skeleton (D:5)
  22 mummies
  17 gnolls
  7 adders
  A shadow imp (Abyss:3)
  A steam dragon skeleton (Crypt:1)
  3 white imps
  4 ufetubi
  2 worms
  3 dart slugs
  94 orcs
  8 endoplasms
  3 giant cockroaches
  6 goblins
  10 hobgoblins
  22 kobolds
  2 quokkas
  4 ball pythons
  3 bats
  6 frilled lizards
  A frilled lizard zombie (Crypt:1)
  A giant cockroach zombie (Crypt:1)
  2 gnoll skeletons
  3 goblin skeletons (D:10)
  3 goblin zombies (D:10)
  2 hobgoblin skeletons (D:10)
  3 hobgoblin zombies
  A jackal zombie (Crypt:2)
  An orc skeleton (D:10)
  14 orc zombies (D:10)
  3 rats
  2 starspawn tentacles (Abyss:2)
2635 creatures vanquished.

Vanquished Creatures (collateral kills)
  A dread lich (Vaults:4)
  Sojobo (Vaults:4)
  Margery (Vaults:2)
  A mutant beast (WizLab)
  2 Orb Guardians (Zot:5)
  A thorn hunter (Swamp:3)
  Kirke (Lair:3)
  A frost giant (Vaults:5)
  An orc warlord (Orc:2)
  An ironbound preserver (Vaults:1)
  A vampire knight (Swamp:4)
  2 hydras (Swamp:4)
  A hell knight (Vaults:4)
  A vampire mage (Crypt:2)
  A shadow wraith (Crypt:2)
  A bog body (Swamp:3)
  2 deep trolls
  2 oklob plants (Lair:1)
  A freezing wraith (Swamp:4)
  A death drake zombie (Swamp:4)
  A swamp drake (Swamp:4)
25 creatures vanquished.

Vanquished Creatures (others)
  An ancient lich (Zot:5)
  An eldritch tentacle (Zot:5)
  A storm dragon (Zot:3)
  A draconian monk (Zot:3)
  A draconian scorcher (Zot:5)
  A ghost moth (Zot:3)
  A very ugly thing (Depths:2)
  2 black draconians (Zot:3)
  A deep elf demonologist (Elf:3)
  A fire dragon (Depths:4)
  A two-headed ogre (D:15)
  A deep elf knight (Elf:2)
  A deep elf archer (Volcano)
  A swamp dragon (Swamp:4)
  A deep elf zephyrmancer (Elf:1)
  A deep elf pyromancer (Elf:1)
  A bloated husk (Swamp:1)
  A ynoxinul (Abyss:3)
  5 humans (Lair:3)
  A hog (shapeshifter) (Elf:2)
  A chaos spawn (Abyss:3)
  8 ball lightnings
  28 foxfires (Swamp:4)
  77 fungi
  147 plants
  3 starspawn tentacles (Abyss:2)
  46 withered plants
335 creatures vanquished.

Grand Total: 2995 creatures vanquished

Notes
Turn   | Place    | Note
-------+----------+-------------------------------------------
     0 | D:1      | nonceun the Minotaur Berserker began the quest for the Orb.
     0 | D:1      | Reached XP level 1. HP: 19/19 MP: 0/0
    14 | D:1      | Found a faded altar of an unknown god.
   318 | D:1      | Reached XP level 2. HP: 22/26 MP: 1/1
  1397 | D:2      | Reached skill level 5 in Axes
  1771 | D:3      | Found a shimmering altar of Xom.
  1795 | D:3      | Reached XP level 3. HP: 17/31 MP: 2/2
  2470 | D:3      | Reached ** piety under Trog
  2506 | D:3      | Noticed Jessica
  2521 | D:3      | Reached XP level 4. HP: 21/39 MP: 3/3
  2523 | D:3      | Killed Jessica
  2705 | D:3      | Noticed Terence
  2714 | D:3      | Killed Terence
  2860 | D:3      | Reached XP level 5. HP: 41/45 MP: 4/4
  2989 | D:3      | Found a glowing silver altar of Zin.
  3580 | D:4      | Found a hide-covered altar of Uskayaw.
  4051 | D:5      | Entered Level 5 of the Dungeon
  4051 | D:5      | Noticed a black bear
  4051 | D:5      | Noticed an ogre
  4055 | D:5      | Killed a black bear
  4056 | D:5      | Reached XP level 6. HP: 51/51 MP: 5/5
  4179 | D:5      | Reached XP level 7. HP: 45/57 MP: 6/6
  4190 | D:5      | Reached skill level 10 in Axes
  4250 | D:5      | Noticed a wyvern
  4260 | D:5      | Killed a wyvern
  4398 | D:5      | Reached XP level 8. HP: 66/66 MP: 7/7
  4451 | D:5      | Found an iron altar of Okawaru.
  4533 | D:5      | Found a sparkling altar of Nemelex Xobeh.
  4852 | D:6      | Reached skill level 5 in Fighting
  5131 | D:6      | Reached *** piety under Trog
  5252 | D:6      | Reached skill level 5 in Armour
  5252 | D:6      | Reached XP level 9. HP: 32/78 MP: 8/8
  5792 | D:7      | Noticed a boulder beetle
  5825 | D:7      | Killed a boulder beetle
  6355 | D:7      | Noticed Pikel
  6378 | D:7      | Killed Pikel
  6388 | D:7      | Reached XP level 10. HP: 88/88 MP: 9/9
  6648 | D:7      | Found a staircase to the Ecumenical Temple.
  6975 | D:8      | Found a shadowy altar of Dithmenos.
  6992 | D:8      | Noticed a two-headed ogre
  7003 | D:8      | Killed a two-headed ogre
  7046 | D:8      | Found a basalt altar of Yredelemnul.
  7115 | D:8      | Noticed Joseph
  7136 | D:8      | Killed Joseph
  7601 | D:8      | Found an ornate altar of the Wu Jian Council.
  8047 | D:9      | Reached skill level 10 in Armour
  8057 | D:9      | Reached skill level 15 in Axes
  8193 | D:9      | Found a runed translucent gate.
  8193 | D:9      | Found a runed translucent gate.
  8193 | D:9      | Found a runed translucent gate.
  8194 | D:9      | Noticed Pooter's ghost (novice MiBe)
  8457 | D:9      | Reached **** piety under Trog
  8461 | D:9      | Reached skill level 10 in Fighting
  8463 | D:9      | Reached XP level 11. HP: 72/99 MP: 10/10
  8599 | D:9      | Found a staircase to the Lair.
  8606 | D:9      | Noticed a two-headed ogre
  8612 | D:9      | Killed a two-headed ogre
  8631 | D:9      | Noticed Prince Ribbit
  8638 | D:9      | Killed Prince Ribbit
  9235 | D:10     | Entered Level 10 of the Dungeon
  9381 | D:10     | Noticed a two-headed ogre
  9401 | D:10     | Killed a two-headed ogre
  9442 | D:10     | Found a staircase to the Orcish Mines.
  9680 | D:10     | Found a stormy altar of Qazlal.
  9682 | D:10     | Noticed Urug
  9710 | D:10     | Killed Urug
 10112 | D:10     | Found a broken altar of Ashenzari.
 10555 | D:11     | Noticed a deep elf pyromancer
 10563 | D:11     | Killed a deep elf pyromancer
 11106 | D:11     | Noticed a five-headed hydra
 11197 | Lair:1   | Entered Level 1 of the Lair of Beasts
 11349 | Lair:1   | Noticed an oklob plant
 11867 | Lair:1   | Reached XP level 12. HP: 110/115 MP: 11/11
 11870 | Lair:1   | Reached ***** piety under Trog
 12116 | Lair:1   | Identified the +2 ring mail "Jilyddy" {Str+7}
 12826 | Lair:2   | Found a dark tunnel.
 12833 | Volcano  | Entered a volcano
 13145 | Volcano  | Reached skill level 15 in Fighting
 13234 | Volcano  | Reached skill level 15 in Armour
 14089 | Lair:2   | Reached XP level 13. HP: 127/127 MP: 12/12
 14276 | Lair:2   | Found a hole to the Spider Nest.
 14471 | Orc:1    | Entered Level 1 of the Orcish Mines
 14873 | Orc:2    | Entered Level 2 of the Orcish Mines
 14981 | Orc:2    | Received a gift from Trog
 16597 | Orc:2    | Identified the +5 scale mail of Lucidity {rN+ Dex+6 Stlth-}
 16679 | Orc:2    | Found a staircase to the Elven Halls.
 16767 | Orc:2    | Found Dadisil's Weapon Boutique.
 17023 | Orc:2    | Found Ogeb's Book Shop.
 17224 | Orc:2    | Noticed an orc warlord
 17237 | Orc:2    | Killed an orc warlord
 17729 | Orc:2    | Found Faenusaum's Weapon Emporium.
 17850 | Orc:2    | Found Bisol's Assorted Antiques.
 17860 | Orc:2    | Bought a smoky emerald potion for 25 gold pieces
 17860 | Orc:2    | Bought a smoky emerald potion for 25 gold pieces
 17860 | Orc:2    | Bought a scroll labelled APSETWYAG for 28 gold pieces
 17860 | Orc:2    | Bought a murky sapphire potion for 25 gold pieces
 17860 | Orc:2    | Bought a scroll labelled OSANEWN KUDATS for 28 gold pieces
 18166 | D:9      | Killed Pooter's ghost
 18262 | Lair:3   | Reached XP level 14. HP: 101/138 MP: 13/13
 18391 | Lair:3   | Noticed Kirke
 18413 | Lair:3   | Killed Kirke
 18481 | Lair:3   | Noticed Gastronok
 18509 | Lair:3   | Killed Gastronok
 18652 | Lair:3   | Identified 2 scrolls of acquirement
 18655 | Lair:3   | Gained mutation: You are agile. (Dex +4, Str/Int -1)
                  | [potion of mutation]
 18656 | Lair:3   | Lost mutation: You are agile. (Dex +4, Str/Int -1) [potion
                  | of mutation]
 18656 | Lair:3   | Gained mutation: You expend magic power (3 MP) to
                  | strengthen your wands. [potion of mutation]
 18662 | Lair:3   | Reached XP level 15. HP: 147/147 MP: 14/14
 18719 | Lair:3   | Found a staircase to the Swamp.
 18729 | Lair:3   | You fall into a shaft and drop 1 floor!
 18729 | Lair:4   | Found a viscous altar of Jiyva.
 18729 | Lair:4   | Found a staircase to the Slime Pits.
 20408 | Lair:4   | Identified the +10 quarterstaff of Daesorug {vorpal, rPois
                  | Int+5}
 20647 | Lair:4   | Received a gift from Trog
 20654 | Lair:4   | Identified the +0 chain mail of the Monkey's Uncle {rElec
                  | Will+}
 20756 | Lair:5   | Entered Level 5 of the Lair of Beasts
 20833 | Lair:5   | Reached skill level 10 in Shields
 21862 | Lair:5   | Found a burning altar of Makhleb.
 21967 | Lair:5   | Found a gateway to Hell.
 22358 | D:11     | Noticed Fannar
 22377 | D:11     | Killed Fannar
 22500 | D:12     | Found Carhuus's Jewellery Shoppe.
 22522 | D:12     | Bought a +4 ring of slaying for 1092 gold pieces
 22546 | D:12     | Identified the +4 war axe "Sofomy" {flame, rC+ rN+ Str+3
                  | Dex+4} (Trog gifted it to you on level 12 of the Dungeon)
 22546 | D:12     | Received a gift from Trog
 22568 | D:12     | Found Vus Afak's Antique Weapon Shoppe.
 22577 | D:12     | Found Ovuhiholei's Antique Armour Shop.
 22760 | D:12     | Reached skill level 1 in Evocations
 22787 | D:12     | Found Tas Tirgh's Armour Emporium.
 23147 | D:12     | Reached XP level 16. HP: 98/157 MP: 15/15
 24653 | D:14     | Found a gate to the Vaults.
 25596 | D:15     | Entered Level 15 of the Dungeon
 26062 | D:15     | Found a runed translucent gate.
 26063 | D:15     | Found a runed translucent gate.
 26064 | D:15     | Found a runed translucent gate.
 26104 | D:15     | Noticed Hyloprol's ghost (journeyman CeMo)
 26787 | D:15     | Found a staircase to the Depths.
 26986 | D:15     | Received a gift from Trog
 27012 | D:15     | Killed Hyloprol's ghost
 27327 | D:15     | Got the ring of Wyecean {Fire rElec rPois rN+++}
 27335 | D:15     | Lost mutation: You expend magic power (3 MP) to strengthen
                  | your wands. [potion of mutation]
 27335 | D:15     | Gained mutation: You occasionally shout uncontrollably at
                  | your foes. [potion of mutation]
 27335 | D:15     | Gained mutation: You are weak. (Str -2) [potion of
                  | mutation]
 27335 | D:15     | Lost mutation: You occasionally shout uncontrollably at
                  | your foes. [potion of mutation]
 27336 | D:15     | Lost mutation: You are weak. (Str -2) [potion of mutation]
 27336 | D:15     | Gained mutation: Your magical capacity is low. (-10% MP)
                  | [potion of mutation]
 27337 | D:15     | Lost mutation: Your magical capacity is low. (-10% MP)
                  | [potion of mutation]
 27337 | D:15     | Gained mutation: You occasionally shout uncontrollably at
                  | your foes. [potion of mutation]
 27337 | D:15     | Gained mutation: You are weak. (Str -2) [potion of
                  | mutation]
 27337 | D:15     | Gained mutation: Your mind is acute. (Int +4, Str/Dex -1)
                  | [potion of mutation]
 27337 | D:15     | Gained mutation: Your natural rate of healing is unusually
                  | fast. [potion of mutation]
 27338 | D:15     | Lost mutation: You occasionally shout uncontrollably at
                  | your foes. [potion of mutation]
 27338 | D:15     | Lost mutation: You are weak. (Str -2) [potion of mutation]
 27338 | D:15     | Gained mutation: You are agile. (Dex +4, Str/Int -1)
                  | [potion of mutation]
 27338 | D:15     | Gained mutation: You have large cloven feet. [potion of
                  | mutation]
 27580 | Swamp:1  | Entered Level 1 of the Swamp
 27587 | Swamp:1  | Reached skill level 5 in Evocations
 27705 | Swamp:1  | Reached skill level 15 in Shields
 27980 | Swamp:1  | Noticed a thorn hunter
 27990 | Swamp:1  | Killed a thorn hunter
 28009 | Swamp:1  | Noticed Jorgrun
 28030 | Swamp:1  | Killed Jorgrun
 28077 | Swamp:1  | Reached XP level 17. HP: 149/168 MP: 16/16
 28339 | Swamp:2  | Noticed Roxanne
 28359 | Swamp:2  | Killed Roxanne
 28815 | Swamp:2  | Found a hide-covered altar of Uskayaw.
 28896 | Swamp:3  | Noticed a tentacled monstrosity
 28914 | Swamp:3  | Killed a tentacled monstrosity
 29123 | Swamp:3  | Received a gift from Trog
 29346 | Swamp:4  | Entered Level 4 of the Swamp
 29980 | Swamp:4  | Received a gift from Trog
 29998 | Swamp:4  | Noticed Mlioglotl
 30007 | Swamp:4  | Killed Mlioglotl
 30553 | Swamp:4  | Found a basalt altar of Yredelemnul.
 30565 | Swamp:4  | Got a decaying rune of Zot
 30583 | Swamp:4  | Found a blossoming altar of Fedhas.
 30830 | Spider:1 | Entered Level 1 of the Spider Nest
 30890 | Spider:1 | Noticed Nikola
 30906 | Spider:1 | Killed Nikola
 30946 | Spider:1 | Reached XP level 18. HP: 180/180 MP: 17/17
 30955 | Spider:1 | Noticed Donald
 30981 | Spider:1 | Killed Donald
 31044 | Spider:1 | You fall into a shaft and drop 1 floor!
 31147 | Spider:2 | Received a gift from Trog
 33114 | Vaults:1 | Entered Level 1 of the Vaults
 33114 | Vaults:1 | Found Kuefeiqo's General Store.
 33289 | Vaults:1 | Received a gift from Trog
 33906 | Vaults:1 | Reached ****** piety under Trog
 34491 | Vaults:1 | Identified the +1 scale mail "Reac" {+Inv rElec rN+++
                  | Stlth-}
 34649 | Vaults:2 | Reached XP level 19. HP: 175/191 MP: 18/18
 35157 | Vaults:2 | Noticed Margery
 35187 | Vaults:2 | Killed Margery
 35187 | Vaults:2 | Received a gift from Trog
 36030 | Vaults:3 | Noticed Xtahua
 36046 | Vaults:3 | Killed Xtahua
 36285 | Vaults:3 | Noticed Mara
 36295 | Vaults:3 | Noticed nonceun's illusion
 36379 | Vaults:3 | Killed Mara
 36380 | Vaults:3 | Reached skill level 10 in Evocations
 36809 | Vaults:3 | Received a gift from Trog
 37076 | Vaults:3 | Found a staircase to the Crypt.
 37076 | Vaults:3 | Found a basalt altar of Yredelemnul.
 37076 | Vaults:3 | Found an ancient bone altar of Kikubaaqudgha.
 37208 | Vaults:3 | Found Hokafaq's Assorted Antiques.
 37208 | Vaults:3 | Found Kigezoth's General Store.
 37213 | Vaults:3 | Bought a knobbly iron ring for 180 gold pieces
 37222 | Vaults:3 | Found Poerghyfu's Weapon Shop.
 37800 | Vaults:4 | Got the Atlas of Transmogrification
 37886 | Vaults:4 | Identified the +8 longbow of Excruciating Pain {vorpal,
                  | Int+4}
 37994 | Vaults:4 | Reached XP level 20. HP: 164/202 MP: 19/19
 38261 | Vaults:4 | Noticed Sojobo
 38273 | Vaults:4 | Paralysed by an air elemental for 1 turns
 38274 | Vaults:4 | Killed Sojobo
 38962 | Crypt:1  | Entered Level 1 of the Crypt
 39078 | Crypt:1  | Received a gift from Trog
 39965 | Crypt:2  | Paralysed by a vampire knight for 2 turns
 39997 | Crypt:2  | Found a magical portal.
 40019 | WizLab   | Entered Cigotuvi's Fleshworks
 40330 | WizLab   | Paralysed by a floating eye for 3 turns
 40499 | WizLab   | Paralysed by a floating eye for 4 turns
 40515 | WizLab   | Found the -2 hat of the Alchemist {rElec rPois rF+ rC+ rN+
                  | Will+ rMut rCorr}
 40536 | WizLab   | Received a gift from Trog
 40544 | WizLab   | Paralysed by a floating eye for 3 turns
 40904 | WizLab   | Got the Secrets of Reformation
 40906 | WizLab   | Got Cigotuvi's Codex of Ghoulish Permutations
 40909 | WizLab   | Got the Essays on Permutations
 42475 | Vaults:5 | Entered Level 5 of the Vaults
 42486 | Vaults:5 | Reached XP level 21. HP: 148/213 MP: 20/20
 42490 | Vaults:5 | Noticed a dread lich
 42693 | Vaults:4 | Killed a dread lich
 42769 | Vaults:5 | Received a gift from Trog
 42772 | Vaults:5 | HP: 8/215 [yaktaur captain/bolt (9)]
 43494 | Vaults:5 | Got a silver rune of Zot
 44072 | Vaults:5 | Identified the +5 dagger of Zisa {protect, Int+8 Dex+2}
 44220 | Vaults:5 | Identified the +10 great sword of Disgust {freeze, Str+2
                  | Stlth+}
 45441 | Crypt:3  | Entered Level 3 of the Crypt
 45445 | Crypt:3  | Identified the +7 broad axe of Anguish {vorpal, Fly rC++
                  | Int-5} (Trog gifted it to you on level 3 of the Crypt)
 45445 | Crypt:3  | Received a gift from Trog
 45514 | Crypt:3  | Found the +8 lance "Wyrmbane" {slay drac, rPois rF+ rC+
                  | AC+3}
 47153 | Crypt:3  | Reached XP level 22. HP: 231/231 MP: 21/21
 47184 | Crypt:3  | Noticed Boris
 47843 | Spider:3 | Noticed Arachne
 47858 | Spider:3 | Killed Arachne
 47917 | Spider:3 | Received a gift from Trog
 48228 | Spider:4 | Entered Level 4 of the Spider Nest
 48515 | Spider:4 | Received a gift from Trog
 48901 | Spider:4 | Received a gift from Trog
 49305 | Spider:4 | Got a gossamer rune of Zot
 49813 | Elf:1    | Entered Level 1 of the Elven Halls
 49897 | Elf:1    | Reached skill level 27 in Fighting
 49927 | Elf:1    | Found a frozen archway.
 49941 | IceCv    | Entered an ice cave
 49975 | IceCv    | Identified the +3 dire flail "Iwuffet" {vorpal, SInv} (Trog
                  | gifted it to you in an ice cave)
 49975 | IceCv    | Received a gift from Trog
 50455 | IceCv    | Got the Atlas of Macabre Pollution
 50460 | IceCv    | Identified the +4 ice dragon scales of Tartarus {Contam
                  | Drain +Blink rPois rF- rC++}
 50961 | Elf:1    | Received a gift from Trog
 51206 | Elf:1    | Got the Catalogue of Illusion
 51412 | Elf:1    | Found a runed translucent gate.
 51412 | Elf:1    | Found a runed translucent gate.
 51412 | Elf:1    | Found a runed translucent gate.
 51412 | Elf:1    | Found an opulent altar of Gozag.
 51414 | Elf:1    | Noticed Taurus's ghost (journeyman MiFi)
 51415 | Elf:1    | Found Sodu's Assorted Antiques.
 51415 | Elf:1    | Found Zaob Unecw's Assorted Antiques.
 51771 | Elf:1    | Killed Taurus's ghost
 51805 | Elf:1    | Reached XP level 23. HP: 240/240 MP: 7/22
 51851 | Elf:1    | Bought a potion of curing for 75 gold pieces
 51851 | Elf:1    | Bought a scroll of enchant weapon for 187 gold pieces
 51855 | Elf:1    | Bought a scroll of brand weapon for 285 gold pieces
 51855 | Elf:1    | Bought a scroll of blinking for 225 gold pieces
 51882 | Elf:2    | Noticed Azrael
 51904 | Elf:1    | Killed Azrael
 51956 | Elf:2    | Found Zuck's Antique Weapon Boutique.
 52062 | Elf:2    | Found a runed translucent gate.
 52063 | Elf:2    | Found a runed translucent gate.
 52063 | Elf:2    | Found a runed translucent gate.
 52068 | Elf:2    | Noticed monsoonserge's ghost (adept PaFi)
 52068 | Elf:2    | Noticed croobank's ghost (adept GnSu)
 52069 | Elf:2    | Got the Parchment of Electric Pollution
 52087 | Elf:2    | Killed croobank's ghost
 52094 | Elf:2    | Killed monsoonserge's ghost
 52145 | Elf:2    | Received a gift from Trog
 52237 | Elf:2    | Found a runed translucent gate.
 52237 | Elf:2    | Found a runed translucent gate.
 52237 | Elf:2    | Found a runed translucent gate.
 52318 | Elf:2    | Found Ziodim's Assorted Antiques.
 52333 | Elf:2    | Bought a potion of heal wounds for 115 gold pieces
 52813 | Elf:3    | Entered Level 3 of the Elven Halls
 52919 | Elf:3    | Received a gift from Trog
 53210 | Elf:3    | Found Uthrul's Armour Boutique.
 53213 | Elf:3    | Bought a +0 pair of gloves of infusion for 218 gold pieces
 53705 | Elf:3    | Paralysed by an air elemental for 1 turns
 53904 | Elf:3    | Identified the +9 arbalest of False Hope {penet, Int+3
                  | Dex+10 Stlth-}
 54038 | Elf:3    | Received a gift from Trog
 54475 | Elf:3    | Identified the +6 chain mail of the Hart {Rampage rN+++
                  | MP-9}
 54506 | Elf:3    | Identified the +5 tower shield of the Endless Expanse {rN+}
 54520 | Elf:3    | Got the Papyrus of the Filthy Mausoleum
 54521 | Elf:3    | Identified the ring "Vusmod" {Contam rElec rCorr Dex+4
                  | Slay+3}
 55175 | Crypt:3  | Received a gift from Trog
 55226 | Crypt:3  | Killed Boris
 55401 | Crypt:3  | Identified the ring of the Devil {*Corrode rElec rN+ Str+4}
 55401 | Crypt:3  | Identified the ring of Mixtutob {Fly rN+}
 55401 | Crypt:3  | Identified the ring of Gynur {rN+ Will+ Int+4}
 55566 | Crypt:3  | Found an ancient bone altar of Kikubaaqudgha.
 55568 | Crypt:3  | Noticed a dread lich
 55587 | Crypt:3  | Killed a dread lich
 55678 | Crypt:3  | Noticed a dread lich
 55695 | Crypt:3  | Killed a dread lich
 55696 | Crypt:3  | Reached XP level 24. HP: 248/249 MP: 0/22
 55696 | Crypt:3  | Noticed Bai Suzhen
 55726 | Crypt:3  | Killed Bai Suzhen
 55800 | Crypt:3  | Identified the +9 arbalest of Purpose {vorpal, Dex+7}
 56072 | Crypt:3  | Noticed a dread lich
 56083 | Crypt:3  | Killed a dread lich
 56170 | Crypt:3  | Got Sif Muna's Book of Venom and Shaping
 56213 | Crypt:3  | Found a staircase to the Tomb.
 56261 | Tomb:1   | Entered Level 1 of the Tomb of the Ancients
 56294 | Tomb:1   | Reached skill level 27 in Shields
 58912 | Temple   | Entered the Ecumenical Temple
 59176 | Depths:1 | Entered Level 1 of the Depths
 59331 | Depths:1 | Received a gift from Trog
 59337 | Abyss:2  | Cast into level 2 of the Abyss (a wizard)
 59652 | Abyss:2  | Paralysed by you for 4 turns
 59720 | Abyss:2  | Reached skill level 27 in Armour
 59931 | Abyss:3  | Received a gift from Trog
 60056 | Abyss:3  | Noticed a dread lich
 60066 | Abyss:3  | Killed a dread lich
 60067 | Abyss:3  | Reached skill level 5 in Dodging
 60088 | Depths:1 | Escaped the Abyss
 60514 | Depths:1 | Received a gift from Trog
 60687 | Depths:1 | Found a bloodstained altar of Trog.
 60786 | Depths:1 | Found a one-way gate to the infinite horrors of the Abyss.
 61008 | Depths:1 | Reached skill level 15 in Evocations
 61048 | Depths:1 | Paralysed by a floating eye for 4 turns
 61631 | Depths:1 | Found a shimmering blue altar of Sif Muna.
 61839 | Depths:2 | Found Bewyu's General Store.
 61955 | Depths:2 | Found Hiuzxuut's Antique Armour Emporium.
 61975 | Depths:2 | Identified the +7 hand axe of Qihuit {flame, rPois MP-9
                  | Str+7 Stlth+} (Trog gifted it to you on level 2 of the
                  | Depths)
 61975 | Depths:2 | Received a gift from Trog
 62078 | Depths:2 | Found Busah's General Store.
 62087 | Depths:2 | Bought a potion of resistance for 120 gold pieces
 62087 | Depths:2 | Bought a scroll of enchant weapon for 90 gold pieces
 62087 | Depths:2 | Bought a scroll of enchant weapon for 90 gold pieces
 62087 | Depths:2 | Bought a +1 cloak of willpower for 198 gold pieces
 62141 | Depths:2 | Found Keroxtaeni's Jewellery Shop.
 62229 | Depths:2 | Found a one-way gate leading to the halls of Pandemonium.
 62249 | Depths:2 | Reached XP level 25. HP: 244/257 MP: 0/22
 62353 | Depths:2 | Found Esolun's Jewellery Shop.
 62683 | Depths:2 | Reached skill level 10 in Dodging
 62694 | Depths:2 | Received a gift from Trog
 63905 | Depths:3 | Received a gift from Trog
 63960 | Depths:3 | Found a flickering gateway to a bazaar.
 63968 | Bazaar   | Entered a bazaar
 63968 | Bazaar   | Found Qauska's Magic Scroll Shop.
 63968 | Bazaar   | Found Janirr's General Store.
 63978 | Bazaar   | Found Ariyh's Antique Armour Emporium.
 63989 | Bazaar   | Found Rahapumy's Antique Weapon Boutique.
 64012 | Bazaar   | Found Xusivaf's Book Emporium.
 64086 | Bazaar   | Bought a scroll of magic mapping for 97 gold pieces
 64086 | Bazaar   | Bought a scroll of magic mapping for 97 gold pieces
 64153 | Bazaar   | Bought a pair of warped boots for 171 gold pieces
 64153 | Bazaar   | Identified the +0 pair of boots of Gravity {Rampage rElec
                  | rF++ rC+} (You bought it in a shop in a bazaar)
 64153 | Bazaar   | Bought a shimmering cloak for 171 gold pieces
 64153 | Bazaar   | Identified the +2 cloak of Impressiveness {Str+3} (You
                  | bought it in a shop in a bazaar)
 64220 | Bazaar   | Bought a pair of runed gloves for 135 gold pieces
 64242 | Bazaar   | Bought a potion of mutation for 136 gold pieces
 64942 | Depths:3 | Got the Directory of Weather
 65485 | Depths:3 | Received a gift from Trog
 65616 | Depths:3 | Found a corrupted altar of Lugonu.
 65733 | Depths:4 | Entered Level 4 of the Depths
 65736 | Depths:4 | Found a one-way gateway to a ziggurat.
 66144 | Depths:4 | Paralysed by a floating eye for 4 turns
 66150 | Depths:4 | Paralysed by a floating eye for 4 turns
 66257 | Depths:4 | Found Kiqumit's Antique Armour Emporium.
 66259 | Depths:4 | Found Egia's Assorted Antiques.
 66261 | Depths:4 | Found Xorei's Weapon Emporium.
 66265 | Depths:4 | Bought a runed tower shield for 225 gold pieces
 66378 | Depths:4 | Found a gate to the Realm of Zot.
 67392 | Zot:1    | Entered Level 1 of the Realm of Zot
 67485 | Zot:1    | Noticed an orb of fire
 67491 | Zot:1    | Gained mutation: Your body sometimes deteriorates upon
                  | taking damage. [an orb of fire]
 67500 | Zot:1    | Killed an orb of fire
 67528 | Zot:1    | Received a gift from Trog
 67593 | Zot:1    | Reached XP level 26. HP: 266/266 MP: 18/22
 68480 | Zot:2    | Reached skill level 15 in Dodging
 69585 | Zot:3    | Identified the +13 war axe "Noturu Mipar" {flame, Dex+3
                  | Stlth+} (Trog gifted it to you on level 3 of the Realm of
                  | Zot)
 69585 | Zot:3    | Received a gift from Trog
 69845 | Zot:3    | You fall into a shaft and drop 1 floor!
 71646 | Zot:4    | Received a gift from Trog
 71676 | Zot:4    | Identified the +2 robe of Ujiak {rC+ Str+3}
 71800 | Zot:4    | Found a transporter.
 71801 | Zot:4    | Found a transporter.
 71805 | Zot:4    | Found a transporter.
 71809 | Zot:4    | Found a transporter.
 72025 | Zot:5    | Entered Level 5 of the Realm of Zot
 72164 | Zot:5    | Found Pusu Biu's CLEARANCE SALE!.
 72667 | Zot:5    | Reached XP level 27. HP: 264/273 MP: 19/22
 72808 | Zot:5    | Noticed an ancient lich
 72811 | Zot:5    | Noticed an orb of fire
 72841 | Zot:5    | Killed an ancient lich
 72849 | Zot:5    | Gained mutation: A frigid envelope surrounds you and
                  | freezes all who hurt you. [an orb of fire]
 72861 | Zot:5    | Killed an orb of fire
 73064 | Zot:5    | Noticed an ancient lich
 73080 | Zot:5    | Killed an ancient lich
 73160 | Zot:5    | Identified the +1 broad axe of Articulation {antimagic,
                  | rPois rF+ rN+ Str-2}
 73491 | Zot:5    | Noticed an orb of fire
 73519 | Zot:5    | Killed an orb of fire
 73529 | Zot:5    | Noticed a dread lich
 73557 | Zot:5    | Killed a dread lich
 73762 | Zot:5    | Noticed an orb of fire
 73785 | Zot:5    | Killed an orb of fire
 73864 | Zot:5    | Noticed a dread lich
 73867 | Zot:5    | Noticed an ancient lich
 73876 | Zot:5    | Noticed an ancient lich
 73890 | Zot:5    | Gained mutation: You sometimes lose your temper in combat.
                  | [mutagenic glow]
 73893 | Zot:5    | Noticed an orb of fire
 73899 | Zot:5    | Killed an ancient lich
 73900 | Zot:5    | Killed a dread lich
 73901 | Zot:5    | Received a gift from Trog
 73901 | Zot:5    | Killed an ancient lich
 73905 | Zot:5    | Killed an orb of fire
 73924 | Zot:5    | Noticed an ancient lich
 73929 | Zot:5    | Noticed an ancient lich
 73929 | Zot:5    | Noticed an ancient lich
 73935 | Zot:5    | Lost mutation: Your natural rate of healing is unusually
                  | fast. [mutagenic glow]
 73939 | Zot:5    | Killed an ancient lich
 73994 | Zot:5    | Killed an ancient lich
 74431 | Zot:5    | Killed an ancient lich
 75285 | D:1      | Lost mutation: Your mind is acute. (Int +4, Str/Dex -1)
                  | [potion of mutation]
 75285 | D:1      | Lost mutation: You have large cloven feet. [potion of
                  | mutation]
 75285 | D:1      | Lost mutation: A frigid envelope surrounds you and freezes
                  | all who hurt you. [potion of mutation]
 75285 | D:1      | Gained mutation: Armour fits poorly on your strangely
                  | shaped body. [potion of mutation]
 75285 | D:1      | Gained mutation: You are robust. (+10% HP) [potion of
                  | mutation]
 75286 | D:1      | Lost mutation: You are robust. (+10% HP) [potion of
                  | mutation]
 75286 | D:1      | Lost mutation: You sometimes lose your temper in combat.
                  | [potion of mutation]
 75286 | D:1      | Lost mutation: Armour fits poorly on your strangely shaped
                  | body. [potion of mutation]
 75286 | D:1      | Gained mutation: Your magical capacity is low. (-10% MP)
                  | [potion of mutation]
 75287 | D:1      | Lost mutation: Your body sometimes deteriorates upon taking
                  | damage. [potion of mutation]
 75287 | D:1      | Lost mutation: Your magical capacity is low. (-10% MP)
                  | [potion of mutation]
 75287 | D:1      | Gained mutation: You are dopey. (Int -2) [potion of
                  | mutation]
 75287 | D:1      | Gained mutation: Armour fits poorly on your strangely
                  | shaped body. [potion of mutation]
 75287 | D:1      | Lost mutation: Armour fits poorly on your strangely shaped
                  | body. [potion of mutation]
 75287 | D:1      | Gained mutation: Your system is resistant to poisons.
                  | (rPois) [potion of mutation]
 75929 | Zot:5    | Got the Orb of Zot
 76434 | D:$      | Escaped with the Orb!

Illustrated notes

Levels and vault maps discovered:
D:1:      noname_arrival_rooms_in_the_neighbourhood, layout_loops_ring,
          basic_ecumenical_altar, minmay_misc_feat_secret_circle
D:2:      layout_basic
D:3:      minmay_wonky_spiral, layout_basic,
          mainiacjoe_overflow_six_doors_small, mainiacjoe_overflow_alcove_1,
          uniq_terence, uniq_jessica
D:4:      layout_basic, mainiacjoe_overflow_cross_hatched
D:5:      layout_rooms, kennysheep_mini_moat, nemelex_spade_bored_becter,
          serial_undead, serial_undead_b, serial_undead_a, serial_undead_e,
          serial_undead_c
D:6:      layout_basic
D:7:      layout_loops_ring, minmay_temple_entry_hall, roderic_serpentine_path,
          uniq_pikel
D:8:      layout_rooms, nzn_wu_jian_contemplation,
          nicolae_dithmenos_shadow_blocks, mainiacjoe_overflow_brackets,
          serial_bayou_pond_e, uniq_joseph
D:9:      kennysheep_housing_project, layout_basic, due_lair_maze_entry_diamond,
          ebering_ghost_rock_garden, uniq_prince_ribbit1
D:10:     layout_rooms, grunt_qazlal_sundering, nicolae_overflow_crystal_walls,
          zombieorc2_lemuel, serial_glass, glass_columns_c, glass_columns_a,
          uniq_urug
D:11:     layout_basic, blue_anna_alchemist, uniq_fannar
D:12:     layout_basic, serial_shops, nicolae_shop_stone, shop,
          nicolae_shop_competitors_out_of_business, nicolae_take_the_stairs,
          hangedman_fish_farm
D:13:     layout_roguey, serial_curves, eino_curves_03, eino_curves_01,
          amcnicky_mini_rare_corridor_liquid
D:14:     layout_loops_ring, erik_vaults_2, small_chamber_with_monster,
          corexii_checkpoint_a
D:15:     gammafunk_enter_depths_forms, layout_long_grid, gammafunk_ghost_icy
Temple:   hc_temple_tempest_star
Lair:1:   layout_small_grid, disabler_island, serial_bayou_shore_b,
          lemuel_fruit_tree, grunt_megastairs_1
Lair:2:   layout_roguey, spider_nest_entry_rubble, enter_volcano_4
Lair:3:   layout_regular_city, swamp_mist_pool, grunt_megastairs_4,
          uniq_gastronok, uniq_kirke
Lair:4:   layout_hall_layers, slime_entry_1
Lair:5:   evil_forest, layout_regular_city, serial_bayou, serial_bayou_lagoon_a,
          serial_bayou_crossing, serial_bayou_shore_b, serial_bayou_lagoon_b
Swamp:1:  layout_basic_swamp, nicolae_swamp_little_tower, uniq_jorgrun
Swamp:2:  layout_basic_swamp, nicolae_swamp_godswood, uniq_roxanne
Swamp:3:  layout_falls_marsh, evilmike_swamp_ruin_house_4
Swamp:4:  byrel_swamp_growth_death_and_undeath, layout_basic_swamp,
          grunt_lady_of_the_lake, uniq_mlioglotl
Spider:1: layout_spider_delve, hangedman_spider_tarantella_strand, uniq_nikola,
          uniq_donald
Spider:2: layout_spider_delve
Spider:3: layout_spider_delve, uniq_arachne
Spider:4: grunt_spider_rune_island, nicolae_spider_rock_and_or_roll
Orc:1:    layout_caves
Orc:2:    pubby_orc_utopia
Elf:1:    eino_elf_arrival_the_gate, layout_loops_corners,
          portal_ice_cave_entry_pillars_2, ebering_ghost_gozag,
          minmay_elf_demonology, serial_sigils_hangedman_writhe
Elf:2:    nicolae_elf_blades_crystal_corner, layout_rooms, serial_shops,
          nicolae_stop_n_shop_1, shop_coins, gammafunk_ghost_cemetery,
          uniq_azrael
Elf:3:    elf_hall, layout_geoelf_diagonals, serial_shops,
          nicolae_shop_behind_doors, laboratory, grunt_megastairs_3
Vaults:1: nicolae_vaults_statue_guard, v_pattern_3, v_misc_4,
          nicolae_vaults_puzzle_piece, v_rooms_5, v_misc_3, v_alt_pattern_2,
          vaults_room_ringed_pool, vaults_room_pools, layout_vaults_omnicross,
          serial_shops, shop
Vaults:2: hangedman_vaults_stitches, ontoclasm_vaults_twist, v_misc_18,
          vaults_dpeg_cross, nicolae_vaults_windows_and_doors_thing, v_misc_24,
          hangedman_vaults_slice, vaults_mumra_minichess_inversion,
          serial_ice_m, layout_vaults_ring, uniq_margery
Vaults:3: minmay_crypt_entry_necro_gods, v_misc_4,
          hangedman_vaults_hard_town_square, vaults_dpeg_diagonal, v_misc_4,
          nicolae_vaults_rhombus_7, layout_vaults_quadrants, uniq_xtahua,
          uniq_mara
Vaults:4: v_rooms_4, nicolae_vaults_asterisk, v_pattern_5, vaults_room_octagon,
          vaults_dpeg_encased_lava, v_misc_27, v_misc_18,
          ontoclasm_vaults_ligature, v_alt_pattern_6, vaults_room_fours,
          layout_vaults_big_room, uniq_sojobo
Vaults:5
Crypt:1:  layout_basic, nrook_guardian_serpent_ordinary,
          grunt_crypt_arrival_webbed
Crypt:2:  layout_chaotic_city, infiniplex_enter_wizlab_water
Crypt:3:  quadcrypt_mu, uniq_boris, uniq_bai_suzhen
Tomb:1
Depths:1: minmay_concentric_multi, layout_gridville, abyss_entry_glasseish,
          hell_entry, led_sif_pool, drop_trap, trog_three_pillars_becter
Depths:2: nooodl_heptagram, layout_gridville, abyss_entry,
          chequers_serial_rivers_micro_a, pan_entry, serial_shops,
          nicolae_shop_trees, shop, nicolae_shop_hallway_stairs,
          nicolae_shop_hallway_stairs, nicolae_lakefront_shop,
          grunt_hell_entry_dis_grunt
Depths:3: hangedman_elemental_death_ray, layout_cave_pools,
          abyss_entry_flame_altar, lightli_too_deep, serial_shops,
          bzr_entry_dummy, chequers_serial_rivers_small_b,
          hangedman_research_electronics
Depths:4: grunt_zot_entry_tricorne, layout_honeycomb, enter_ziggurat_e,
          pf_coc_iceberg, minmay_shop_star
Zot:1:    layout_twisted_circle
Zot:2:    nicolae_zot_stationary_front, layout_misc_corridors
Zot:3:    infiniplex_zot_generator, layout_gridlike, skrybe_zot_glass_1
Zot:4:    layout_onion_interference, nicolae_diode_quadrants
Zot:5:    layout_concentric_octagons, nicolae_shop_clearance

Skill      XL: |  1  2  3  4  5  6  7  8  9 10 11 12 13 14 15 16 17 18 19 20 21 22 23 24 25 26 27 |
---------------+----------------------------------------------------------------------------------+-----
Axes           | 4 5 6 8 9 11 12 14 15 16 18 | 18.0
Fighting       | 4 6 7 10 13 15 16 17 18 19 20 21 22 24 26 27 | 27.0
Armour         | 3 5 8 10 12 15 16 17 18 19 20 21 22 23 24 25 27 | 27.0
Shields        | 7 12 15 17 19 20 21 22 24 26 27 | 27.0
Evocations     | 1 5 7 9 10 11 12 13 14 15 18 19 20 | 20.8
Dodging        | 8 14 19 22 | 22.1

Action                   |  1- 3 |  4- 6 |  7- 9 | 10-12 | 13-15 | 16-18 | 19-21 | 22-24 | 25-27 || total
-------------------------+-------+-------+-------+-------+-------+-------+-------+-------+-------++-------
Melee: Hand axe          |    96 |    89 |   311 |    15 |       |       |       |       |       ||   511
       Headbutt          |    12 |    23 |    72 |   168 |   240 |   437 |   525 |   612 |   500 ||  2589
       Punch             |     1 |       |     5 |    11 |     4 |       |       |       |       ||    21
       War axe           |       |       |       |   802 |   131 |    46 |       |       |       ||   979
       Broad axe         |       |       |       |       |   732 |  1314 |  1488 |  1848 |   721 ||  6103
       Demon trident     |       |       |       |       |    36 |    13 |       |       |       ||    49
       Unarmed           |       |       |       |       |     4 |       |       |       |       ||     4
       Lance             |       |       |       |       |       |       |    13 |    65 |   748 ||   826
Invok: Trog's Hand       |       |     1 |     5 |    17 |    12 |    11 |    15 |    14 |     6 ||    81
       Berserk           |       |     1 |     2 |     5 |       |     1 |       |       |       ||     9
       Brothers in Arms  |       |       |       |     1 |     2 |     3 |     5 |     1 |       ||    12
Evoke: Wand              |       |       |       |       |       |     1 |       |       |       ||     1
       Phantom mirror    |       |       |       |       |       |       |     4 |       |     2 ||     6
       Condenser vane    |       |       |       |       |       |       |       |       |     2 ||     2
  Use: Scroll            |       |       |       |     5 |    23 |     7 |    20 |    17 |    14 ||    86
       Potion            |       |       |       |       |     3 |     9 |     6 |     3 |     9 ||    30
 Stab: Sleeping          |     1 |       |       |       |       |       |       |       |       ||     1
       Petrified         |       |       |       |       |       |     4 |       |       |       ||     4
       Distracted        |       |       |       |       |       |     1 |       |       |     1 ||     2
Armor: Animal skin       |     4 |       |       |       |       |       |       |       |       ||     4
       Leather armour    |    13 |       |       |       |       |       |       |       |       ||    13
       Ring mail         |     5 |     3 |       |       |       |       |       |       |       ||     8
       Chain mail        |       |    28 |    29 |       |       |       |       |       |       ||    57
       Plate armour      |       |       |    64 |   235 |   368 |   714 |   423 |   496 |   197 ||  2497
       Acid dragon scale |       |       |       |   100 |       |       |       |       |       ||   100
       Skin              |       |       |       |       |       |     2 |       |       |       ||     2
       Gold dragon scale |       |       |       |       |       |       |       |       |   125 ||   125
Dodge: Dodged            |    38 |    31 |    51 |   246 |   169 |   259 |   178 |   224 |   283 ||  1479
Block: Other             |       |     2 |    30 |   127 |    51 |       |       |       |       ||   210
       Reflection        |       |       |     1 |       |     4 |    72 |    96 |   120 |    40 ||   333
       Tower shield      |       |       |       |       |   385 |  1456 |  1360 |  1902 |  1173 ||  6276
